 Dungeon Crawl Stone Soup version 0.27-a0-448-gace5c5693b (webtiles) character file.

Game seed: 4511425306143490396

26 mandarbmax the Ruffian (level 2, 0/24 HPs)
             Began as a Minotaur Transmuter on Feb 28, 2021.
             Slain by an adder (4 damage)
             ... on level 1 of the Dungeon.
             The game lasted 00:02:20 (1141 turns).

mandarbmax the Ruffian (Minotaur Transmuter)        Turns: 1141, Time: 00:02:20

Health: 0/24       AC:  2    Str: 14    XL:     2   Next: 89%
Magic:  3/3        EV: 12    Int: 10    God:
Gold:   57         SH:  0    Dex: 10    Spells: 0/3 levels left

rFire    . . .     SeeInvis .     - Unarmed
rCold    . . .     Faith    .   (no shield)
rNeg     . . .     Spirit   .   a - +0 robe
rPois    .         Reflect  .   (helmet restricted)
rElec    .         Harm     .   (no cloak)
rCorr    .         Rampage  .   (no gloves)
Will     .....                  (no boots)
Stlth    +.........             (no amulet)
HPRegen  0.08/turn              (no ring)
MPRegen  0.08/turn              (no ring)

@: lethally poisoned (0 -> -2)
A: retaliatory headbutt, horns 2
a: no special abilities


You were on level 1 of the Dungeon.
You visited 1 branch of the dungeon, and saw 2 of its levels.

You collected 57 gold pieces.

Inventory:

Missiles
 h - a throwing net
Armour
 a - a +0 robe (worn)
Scrolls
 b - a scroll of teleportation
 d - 3 scrolls of identify
 f - a scroll of noise {unknown}
 g - a scroll of immolation
Potions
 i - a potion of brilliance {unknown}


   Skills:
 - Level 2.0 Fighting
 - Level 2.1 Dodging
 - Level 4.0 Unarmed Combat
 + Level 1.4 Spellcasting
 - Level 2.0 Transmutations


You couldn't memorise any spells.
You knew the following spells:

 Your Spells              Type           Power        Failure   Level
a - Beastly Appendage     Tmut           8%           14%         1
b - Wereblood             Tmut           4%           22%         2

Your spell library contained the following spells:

 Spells                   Type           Power        Failure   Level
 Spider Form              Tmut/Pois      1%           54%         3
 Ice Form                 Ice/Tmut       2%           91%         4
 Blade Hands              Tmut           2%           99%         5


Dungeon Overview and Level Annotations

Branches:
Dungeon (2/15)

Altars:


Innate Abilities, Weirdness & Mutations

You reflexively headbutt those who attack you in melee.
You have a pair of horns on your head.


Message History

It is a scroll of identify.
g - a scroll of immolation The gnoll throws a throwing net.
The throwing net hits you.
You become entangled in the net!
As you read the scroll labelled CIMOKYQUOW, it crumbles to dust.
You feel strangely unstable.
It was a scroll of teleportation.
The gnoll hits you from afar with a +0 halberd.
You are held in a net!
It was a potion of ambrosia.
You are confused.
You feel invigorated. The gnoll hits you but does no damage.
You struggle against the net.
The gnoll hits you from afar with a +0 halberd.
You struggle against the net.
Your surroundings suddenly seem different.
An adder comes into view.
The adder hisses angrily.
The hobgoblin closely misses you.
Found 12 gold pieces.
Found two stone staircases leading up.
A hobgoblin comes into view. It is wielding a +0 club.
The adder closely misses you. The adder bites you.
The hobgoblin hits you with a +0 club. The adder misses you.
You feel less invigorated.
You feel less confused. The hobgoblin hits you with a +0 club.
The adder bites you. The adder bites you.
The hobgoblin hits you with a +0 club. The adder bites you.
* * * LOW HITPOINT WARNING * * *
You are poisoned.
The adder poisons you! The adder bites you but does no damage.
There is a stone staircase leading up here.
You feel sick. The hobgoblin barely misses you. The adder barely misses you.
You climb upwards.
There is a stone staircase leading down here.
Unknown command.
It was a potion of cancellation.
You feel magically purged.
You feel sick. The adder bites you.
You die...

######.# ##.8.8.8.8.8.#######.
.......######.............###....
.####......#<.≈≈≈≈≈≈≈≈≈≈≈.∩...)..
.####.#######.............###.#..
....#.# ##.8.8.8.8.8.###..#..
.##.#.# #...........#.......
.##.#.#### ##############...###
.........# #.g.# #......
###..###.# #..@# ###.#####
#..###.# #.S.# ######......##
##....#.#####...###........##.##
#...#.#)#...........####.#.##.##
#.......................###.....
#.......#...........##.## ##..##
####..#######...###.##..###.#.##
#.## #...# #..†..)#....## #.#
#...# #........#####


You could see an adder and a hobgoblin.

Vanquished Creatures
  2 dart slugs (D:1)
  2 giant cockroaches (D:1)
  5 goblins (D:1)
  2 hobgoblins (D:1)
  3 kobolds (D:1)
  2 bats (D:1)
  A frilled lizard (D:1)
  3 rats (D:1)
20 creatures vanquished.

Notes
Turn   | Place    | Note
-------+----------+-------------------------------------------
     0 | D:1      | mandarbmax the Minotaur Transmuter began the quest for the
                  | Orb.
     0 | D:1      | Reached XP level 1. HP: 16/16 MP: 1/1
   135 | D:1      | Reached XP level 2. HP: 23/23 MP: 0/3
   360 | D:1      | Reached skill level 4 in Unarmed Combat
   363 | D:1      | Learned a level 2 spell: Wereblood
  1125 | D:1      | You fall into a shaft and drop 1 floor!
  1141 | D:1      | Slain by an adder

Illustrated notes

Levels and vault maps discovered:
D:1:      mainiacjoe_arrival_reflecting_pool, layout_loops_cross
D:2:      layout_basic, lemuel_coloured_pillars_altar, minmay_misc_feat_encased

Skill      XL: |  1  2 |
---------------+-------+-----
Transmutations | 2 |  2.0
Unarmed Combat | 4 |  4.0
Fighting       | 2 |  2.0
Dodging        | |  2.1
Spellcasting   | |  1.4

Action                   || total
-------------------------++-------
Melee: Unarmed           ||    35
       Kick              ||    10
       Headbutt          ||     6
 Cast: Beastly Appendage ||    15
  Use: Potion            ||     3
       Scroll            ||     2
 Stab: Sleeping          ||     1
Armor: Robe              ||     6
Dodge: Dodged            ||    19

Table legend: (Time is in decaauts)
 A = Elapsed time spent in this place.
 B = Non-inter-level travel time spent in this place.
 C = Inter-level travel time spent in this place.
 D = Time resting spent in this place.
 E = Time spent auto-exploring this place.
 F = Levels seen in this place.
 G = Mean time per level.
                   A        B        C        D        E       F      G
               +--------+--------+--------+--------+--------+-----+--------+
         Total |   1139 |   1139 |      0 |    298 |    723 |   2 |  569.5 |
       Dungeon |   1139 |   1139 |      0 |    298 |    723 |   2 |  569.5 |
               +--------+--------+--------+--------+--------+-----+--------+

Top non-repeatable levels by time:
     D:1: 1124 daAuts
     D:2: 14 daAuts
